 Dungeon Crawl Stone Soup version 0.27.1-34-g3ba077fa99 (webtiles) character file.

Game seed: 6875115032307492424

86 cbfl8 the Sneak (level 4, 0/40 HPs)
             Began as a Minotaur Delver on Jan 21, 2022.
             Slain by a bullfrog skeleton (2 damage)
             ... on level 5 of the Dungeon.
             The game lasted 00:00:22 (48 turns).

cbfl8 the Sneak (Minotaur Delver)                     Turns: 48, Time: 00:00:22

Health: 0/40       AC:  3    Str: 17    XL:     4   Next: 27%
Magic:  3/3        EV: 12    Int:  7    God:
Gold:   45         SH:  0    Dex: 12    Spells: 3/3 levels left

rFire    . . .     SeeInvis .   a - +0 hand axe
rCold    . . .     Faith    .   (no shield)
rNeg     . . .     Spirit   .   b - +0 leather armour
rPois    .         Reflect  .   (helmet restricted)
rElec    .         Harm     .   (no cloak)
rCorr    .         Rampage  .   (no gloves)
Will     .....                  (no boots)
Stlth    +++.......             (no amulet)
HPRegen  0.13/turn              (no ring)
MPRegen  0.08/turn              (no ring)

@: no status effects
A: horns 2, retaliatory headbutt
a: no special abilities


You were on level 5 of the Dungeon.
You visited 1 branch of the dungeon, and saw 1 of its levels.

You collected 45 gold pieces.

Inventory:

Hand Weapons
 a - a +0 hand axe (weapon)
Armour
 b - a +0 leather armour (worn)
Wands
 g - a wand of digging (3)
Scrolls
 c - a scroll of fog
 d - a scroll of magic mapping
 e - a scroll of fear
Potions
 f - a potion of haste


   Skills:
 + Level 4.1 Fighting
 + Level 2.7 Axes
 + Level 0.8 Armour
 + Level 2.5 Dodging
 + Level 5.1 Stealth


You had 3 spell levels left.
You didn't know any spells.
Your spell library was empty.

Dungeon Overview and Level Annotations

Branches:
Dungeon (5/15)
 Temple: D:4-7

Altars:


Innate Abilities, Weirdness & Mutations

You have a pair of horns on your head.
You reflexively headbutt those who attack you in melee.


Message History

You headbutt the necrophage, but do no damage.
The necrophage is severely damaged.
You hit the bullfrog skeleton. The bullfrog skeleton misses you.
You furiously retaliate!
You headbutt the bullfrog skeleton. The necrophage closely misses you.
You hit the necrophage. You headbutt the necrophage.
The necrophage is almost destroyed.
You hit the bullfrog skeleton.
The bullfrog skeleton barely misses you.
The necrophage hits you.
You feel drained.
* * * LOW HITPOINT WARNING * * *
The bullfrog skeleton misses you.
You closely miss the necrophage. You headbutt the necrophage.
You destroy the necrophage!
You hit the bullfrog skeleton. The bullfrog skeleton hits you.
* * * LOW HITPOINT WARNING * * *
Your life force feels restored.
Your Fighting skill increases to level 4!
Your Stealth skill increases to level 5!
You have reached level 2!
You have reached level 3!
Your experience leads to an increase in your attributes!
Increase (S)trength, (I)ntelligence, or (D)exterity?
You feel stronger.
You have reached level 4!
You feel agile.
Okay, then.
Okay, then.
The bullfrog skeleton barely misses you.
The bullfrog skeleton hits you.
* * * LOW HITPOINT WARNING * * *
You barely miss the bullfrog skeleton.
Your headbutt misses the bullfrog skeleton.
The bullfrog skeleton is almost destroyed.
The bullfrog skeleton hits you.
* * * LOW HITPOINT WARNING * * *
You barely miss the bullfrog skeleton.
The bullfrog skeleton is almost destroyed.
The bullfrog skeleton hits you.
You die...

# ## ..####.
.......
.......##
........#
......Z@##
......#..#
.<...
#..###### ....
##......####
...
##........####
..
#...........#
#
##.........#..
#...........#
##........###


You could see a bullfrog skeleton.

Vanquished Creatures
  A necrophage (D:5)
1 creature vanquished.

Notes
Turn   | Place    | Note
-------+----------+-------------------------------------------
     0 | D:5      | cbfl8 the Minotaur Delver began the quest for the Orb.
     0 | D:5      | Reached XP level 1. HP: 19/19 MP: 0/0
    29 | D:5      | Noticed a necrophage
    45 | D:5      | Killed a necrophage
    46 | D:5      | Reached skill level 5 in Stealth
    46 | D:5      | Reached XP level 2. HP: 6/27 MP: 1/1
    46 | D:5      | Reached XP level 3. HP: 8/33 MP: 2/2
    46 | D:5      | Reached XP level 4. HP: 10/40 MP: 3/3
    47 | D:5      | HP: 2/40 [bullfrog skeleton (2)]
    48 | D:5      | Slain by a bullfrog skeleton

Illustrated notes

Levels and vault maps discovered:
D:5:      layout_cave_pods, uniq_duvessa, uniq_blork_the_orc

Skill      XL: |  1 |
---------------+----+-----
Fighting       | 4 |  4.1
Stealth        | 5 |  5.1
Axes           | |  2.7
Armour         | |  0.8
Dodging        | |  2.5

Action                   |  1- 3 |  4- 6 || total
-------------------------+-------+-------++-------
Melee: Hand axe          |     8 |     2 ||    10
       Headbutt          |     3 |       ||     3
Armor: Leather armour    |     6 |       ||     6
Dodge: Dodged            |     9 |     1 ||    10
